 Dungeon Crawl Stone Soup version 0.21.1-1-g345015f (webtiles) character file.

3450 tidbits the Reanimator (level 10, 0/73 HPs)
             Began as a Gnoll Necromancer on June 27, 2018.
             Was a Believer of Cheibriados.
             Slain by a meliai
             ... wielding a +0 war axe
              (7 damage)
             ... on level 11 of the Dungeon.
             The game lasted 00:19:50 (1888 turns).

tidbits the Reanimator (Gnoll Necromancer)          Turns: 1888, Time: 00:19:50

Health: 0/73       AC: 10    Str: 20    XL:     10   Next: 6%
Magic:  8/29       EV: 18    Int: 26    God:    Cheibriados [**....]
Gold:   393        SH:  0    Dex: 22    Spells: 6/23 levels left

rFire    . . .     SeeInvis .   v - +3 short sword (elec)
rCold    . . .     Gourm    .   (no shield)
rNeg     . . .     Faith    .   B - +2 animal skin
rPois    .         Spirit   .   E - +2 helmet
rElec    .         Reflect  .   (no cloak)
rCorr    .         Harm     .   G - +2 pair of gloves {Str+3}
MR       .....                  (no boots)
Stlth    +++.......             (no amulet)
HPRegen  0.22/turn              k - ring of magical power
MPRegen  0.21/turn              o - ring of loudness (curse)

@: very slightly contaminated, very slow
A: distributed training, fangs 1, strong nose
a: Bend Time, Renounce Religion


You were on level 11 of the Dungeon.
You worshipped Cheibriados.
Cheibriados was pleased with you.
You were hungry.

You visited 2 branches of the dungeon, and saw 11 of its levels.

You collected 393 gold pieces.

Inventory:

Hand Weapons
 a - a +2 trident of piercing
   (You took it off Blork the orc on level 6 of the Dungeon)
 b - a +0 dagger
 e - a +0 club
 i - a +0 war axe
 s - a +0 spear
 t - a +0 long sword
 u - a +0 hunting sling
 v - a +3 short sword of electrocution (weapon)
   (You took it off Duvessa on level 5 of the Dungeon)
Missiles
 f - 61 stones (quivered)
 g - 21 sling bullets
 h - 35 bolts
Armour
 d - a +2 scale mail of cold resistance
   (You found it on level 1 of the Dungeon)
 j - a +0 robe
 w - a +2 scale mail of fire resistance
   (You took it off an orc on level 5 of the Dungeon)
 B - a +2 animal skin (worn)
 E - a +2 helmet (worn)
 G - a +2 pair of gloves of strength (worn)
   (You found it on level 10 of the Dungeon)
Magical Staves
 q - an uncursed staff of air
   (You found it on level 5 of the Dungeon)
Jewellery
 k - a ring of magical power (left hand)
   (You found it on level 1 of the Dungeon)
 o - a cursed ring of loudness (right hand)
   (You found it on level 2 of the Dungeon)
Scrolls
 n - a scroll of enchant armour
 p - 2 scrolls of amnesia
 r - a scroll of holy word
 x - a scroll of vulnerability
 y - a scroll of remove curse
Potions
 l - a potion of flight
 z - a potion of magic
Books
 m - a book of Necromancy

   Spells                             Type                      Level
   a - Pain                           Necromancy                   1
   b - Animate Skeleton               Necromancy                   1
   c - Vampiric Draining              Necromancy                   3
   d - Regeneration                   Charms/Necromancy            3
   e - Animate Dead                   Necromancy                   4
   f - Borgnjor's Vile Clutch         Necromancy/Earth             5
Miscellaneous
 A - a phial of floods
Comestibles
 c - 6 rations


   Skills:
 + Level 4.8 Fighting
 + Level 4.8 Short Blades
 + Level 4.8 Long Blades
 + Level 4.8 Axes
 + Level 4.8 Maces & Flails
 + Level 4.8 Polearms
 + Level 4.8 Staves
 + Level 4.8 Slings
 + Level 4.8 Bows
 + Level 4.8 Crossbows
 + Level 4.8 Throwing
 + Level 4.8 Armour
 + Level 6.7 Dodging
 + Level 6.4 Stealth
 + Level 4.8 Shields
 + Level 4.8 Unarmed Combat
 + Level 7.0 Spellcasting
 + Level 4.0 Conjurations
 + Level 4.0 Hexes
 + Level 4.0 Charms
 + Level 4.0 Summonings
 + Level 8.2 Necromancy
 + Level 4.0 Translocations
 + Level 4.0 Transmutations
 + Level 4.0 Fire Magic
 + Level 4.0 Ice Magic
 + Level 4.0 Air Magic
 + Level 4.0 Earth Magic
 + Level 4.0 Poison Magic
 + Level 5.3 Invocations
 + Level 4.8 Evocations


You had 6 spell levels left.
You knew the following spells:

 Your Spells              Type           Power        Failure   Level  Hunger
a - Pain                  Necr           ####         1%          1    None
d - Vampiric Draining     Necr           ######....   1%          3    None
n - Animate Skeleton      Necr           N/A          1%          1    None
r - Regeneration          Chrm/Necr      #####.....   1%          3    None
v - Borgnjor's Vile Clut  Necr/Erth      #####.....   14%         5    #####..
N - Animate Dead          Necr           N/A          1%          4    ###....


Dungeon Overview and Level Annotations

Branches:
Dungeon (11/15)            Temple (1/1) D:5
   Lair: D:8-11         Orc: D:9-12

Altars:
Cheibriados
Hepliaklqana
Nemelex Xobeh
Qazlal
Sif Muna
Zin


Innate Abilities, Weirdness & Mutations

Your experience applies equally to all skills.
You have very sharp teeth.
Your uncanny sense of smell can sniff out nearby items.


Message History

Unknown command.
The meliai buzzes angrily.
You hit the meliai. Lightning courses through the meliai! You bite the meliai.
The meliai is severely wounded.
You hear an angry hiss.
The hound bites you.
The meliai mumbles some strange prayers to its god against you.
Something smites you! The orc completely misses you.
You hear a bellow!
Unknown command.
You hit the meliai but do no damage.
The meliai is severely wounded.
You hear a bellow!
You hear a shout!
The meliai misses you. x2
The meliai calls down the wrath of its god upon you.
Something smites you! The hound barely misses you.
The meliai mumbles some strange prayers to its god against you.
Something smites you!
* * * LOW HITPOINT WARNING * * *
The orc barely misses you. The meliai barely misses you.
The meliai completely misses you. The hound bites you but does no damage.
A yak comes into view.
Casting: Regeneration
Confirm with . or Enter, or press ? or * to list all spells.
Aiming: Borgnjor's Vile Clutch
Press: ? - help, Dir - move target cursor, f - hound
Aim: a hound (severely wounded) Decaying hands burst forth from the earth!
Zombie hands grab the hound.
Zombie hands grab the yak.
Zombie hands grab the orc.
Zombie hands grab the meliai. x2
The yak bellows!
The zombie hands constrict the orc!
You kill the orc!
Cheibriados thoroughly appreciates the change of pace.
The zombie hands constrict the hound.
You kill the hound!
Cheibriados thoroughly appreciates the change of pace.
The zombie hands constrict the meliai!
You kill the meliai!
Cheibriados thoroughly appreciates the change of pace.
The zombie hands constrict the meliai.
The zombie hands constrict the yak!
You hear a bellow!
The meliai hits you with a war axe.
* * * LOW HITPOINT WARNING * * *
The meliai barely misses you.
The yak struggles to escape constriction.
The meliai calls down the wrath of its god upon you.
Something smites you!
* * * LOW HITPOINT WARNING * * *
An adder and a yak come into view.
It was a potion of curing.
You feel better.
The zombie hands constrict the meliai!
The zombie hands constrict the yak!
The meliai hits you with a war axe.
* * * LOW HITPOINT WARNING * * *
The meliai closely misses you. The meliai misses you.
The meliai stings you but does no damage.
The yak escapes!
The meliai hits you with a war axe.
* * * LOW HITPOINT WARNING * * *
The meliai stings you.
* * * LOW HITPOINT WARNING * * *
Casting: Borgnjor's Vile Clutch
Confirm with . or Enter, or press ? or * to list all spells.
Aiming: Borgnjor's Vile Clutch
Press: ? - help, Dir - move target cursor, f - meliai
Aim: a meliai, wielding a war axe and wearing a robe You miscast Borgnjor's Vile Clutch.
You are very lightly contaminated with residual magic.
You feel momentarily lethargic.
The zombie hands constrict the meliai.
You kill the meliai!
Cheibriados thoroughly appreciates the change of pace.
Cheibriados raises the support of your attributes as your movement slows.
Your Spellcasting skill increases to level 7!
Your Conjurations skill increases to level 4!
Your Hexes skill increases to level 4!
Your Charms skill increases to level 4!
Your Summonings skill increases to level 4!
Your Translocations skill increases to level 4!
Your Transmutations skill increases to level 4!
Your Fire Magic skill increases to level 4!
Your Ice Magic skill increases to level 4!
Your Air Magic skill increases to level 4!
Your Earth Magic skill increases to level 4!
Your Poison Magic skill increases to level 4!
You have reached level 10!
The yak barely misses you. The meliai completely misses you.
The meliai misses you.
A yak and an ogre come into view.
Casting: Borgnjor's Vile Clutch
Confirm with . or Enter, or press ? or * to list all spells.
Aiming: Borgnjor's Vile Clutch
Press: ? - help, Dir - move target cursor, f/p - meliai
Aim: a meliai, wielding a war axe and wearing a robe Decaying hands burst forth from the earth!
Zombie hands grab the meliai.
Zombie hands grab the yak.
Zombie hands grab the centaur skeleton.
The yak bellows!
You are feeling hungry.
The zombie hands constrict the centaur skeleton!
The zombie hands constrict the meliai.
The zombie hands constrict the yak!
The meliai hits you with a war axe!
You die...

### #### ####
...########## ...
#>.........####.#
##...............##
O.#Y#.Y.....^....#....##
.S.YY.y@................
.###..Z).........<.####
....................##
.####................#
∆∆####...#.........# #
....>.........###
##................
#...#..#########.
#.###.. ##


You could see 4 yaks, an ogre, a meliai, an adder and a centaur skeleton.

Vanquished Creatures
  2 meliai (D:11)
  Grinder (D:6)
  2 wyverns
  A shadow (D:9)
  A wraith (D:10)
  2 yaks (D:10)
  A soldier ant (D:11)
  Duvessa (D:5)
  2 orc warriors (D:10)
  An ice beast (D:10)
  A phantom (D:8)
  A crocodile (D:10)
  Blork the orc (D:6)
  A big kobold (D:9)
  Dowan (D:5)
  3 bullfrogs
  2 scorpions
  4 killer bees (D:6)
  4 howler monkeys (D:10)
  A crimson imp (D:6)
  A quasit (D:8)
  4 hounds
  2 orc priests
  A jelly (D:6)
  An orc wizard (D:10)
  A bullfrog skeleton (D:10)
  An iguana (D:11)
  3 worker ants (D:5)
  Robin (D:3)
  4 adders
  2 shadow imps
  A dart slug (D:1)
  3 leopard geckos
  11 orcs
  2 ball pythons
  2 giant cockroaches
  12 goblins
  5 hobgoblins
  3 jackals (D:1)
  A quokka (D:8)
  A bat (D:1)
  8 kobolds
  A quokka skeleton (D:6)
  2 rats (D:1)
106 creatures vanquished.

Notes
Turn   | Place    | Note
-------+----------+-------------------------------------------
     0 | D:1      | tidbits the Gnoll Necromancer began the quest for the Orb.
     0 | D:1      | Reached XP level 1. HP: 13/13 MP: 6/6
    57 | D:1      | Reached XP level 2. HP: 10/19 MP: 0/7
   237 | D:2      | Reached XP level 3. HP: 7/25 MP: 7/9
   240 | D:2      | Learned a level 1 spell: Animate Skeleton
   244 | D:2      | Learned a level 3 spell: Vampiric Draining
   248 | D:2      | Learned a level 3 spell: Regeneration
   281 | D:3      | Reached skill level 5 in Spellcasting
   289 | D:3      | Noticed Robin
   293 | D:3      | Killed Robin
   293 | D:3      | Reached skill level 1 in Invocations
   413 | D:3      | Found a hazy altar of Hepliaklqana.
   420 | D:3      | Reached skill level 1 in Fighting
   420 | D:3      | Reached skill level 1 in Short Blades
   420 | D:3      | Reached skill level 1 in Long Blades
   420 | D:3      | Reached skill level 1 in Axes
   420 | D:3      | Reached skill level 1 in Maces & Flails
   420 | D:3      | Reached skill level 1 in Polearms
   420 | D:3      | Reached skill level 1 in Staves
   420 | D:3      | Reached skill level 1 in Slings
   420 | D:3      | Reached skill level 1 in Bows
   420 | D:3      | Reached skill level 1 in Crossbows
   420 | D:3      | Reached skill level 1 in Throwing
   420 | D:3      | Reached skill level 1 in Armour
   420 | D:3      | Reached skill level 1 in Shields
   420 | D:3      | Reached skill level 1 in Unarmed Combat
   420 | D:3      | Reached skill level 1 in Evocations
   420 | D:3      | Reached XP level 4. HP: 11/32 MP: 11/11
   480 | D:3      | You fall through a shaft for 2 floors!
   480 | D:5      | Entered Level 5 of the Dungeon
   510 | D:5      | Reached skill level 1 in Conjurations
   510 | D:5      | Reached skill level 1 in Hexes
   510 | D:5      | Reached skill level 1 in Charms
   510 | D:5      | Reached skill level 1 in Summonings
   510 | D:5      | Reached skill level 1 in Translocations
   510 | D:5      | Reached skill level 1 in Transmutations
   510 | D:5      | Reached skill level 1 in Fire Magic
   510 | D:5      | Reached skill level 1 in Ice Magic
   510 | D:5      | Reached skill level 1 in Air Magic
   510 | D:5      | Reached skill level 1 in Earth Magic
   510 | D:5      | Reached skill level 1 in Poison Magic
   549 | D:5      | Reached XP level 5. HP: 27/37 MP: 9/12
   577 | D:5      | Reached XP level 6. HP: 26/44 MP: 1/13
   592 | D:5      | Found a staircase to the Ecumenical Temple.
   596 | Temple   | Entered the Ecumenical Temple
   615 | Temple   | Became a worshipper of Cheibriados the Contemplative
   648 | D:5      | Found a hazy altar of Hepliaklqana.
   695 | D:6      | Noticed Blork the orc
   701 | D:6      | Killed Blork the orc
   701 | D:6      | Reached skill level 2 in Invocations
   732 | D:6      | Reached skill level 2 in Fighting
   732 | D:6      | Reached skill level 2 in Short Blades
   732 | D:6      | Reached skill level 2 in Long Blades
   732 | D:6      | Reached skill level 2 in Axes
   732 | D:6      | Reached skill level 2 in Maces & Flails
   732 | D:6      | Reached skill level 2 in Polearms
   732 | D:6      | Reached skill level 2 in Staves
   732 | D:6      | Reached skill level 2 in Slings
   732 | D:6      | Reached skill level 2 in Bows
   732 | D:6      | Reached skill level 2 in Crossbows
   732 | D:6      | Reached skill level 2 in Throwing
   732 | D:6      | Reached skill level 2 in Armour
   732 | D:6      | Reached skill level 5 in Dodging
   732 | D:6      | Reached skill level 2 in Shields
   732 | D:6      | Reached skill level 2 in Unarmed Combat
   732 | D:6      | Reached skill level 2 in Evocations
   780 | D:6      | Reached XP level 7. HP: 19/50 MP: 15/15
   948 | D:5      | Noticed Duvessa
   948 | D:5      | Noticed Dowan
   956 | D:5      | Killed Duvessa
   956 | D:5      | Reached skill level 2 in Conjurations
   956 | D:5      | Reached skill level 2 in Hexes
   956 | D:5      | Reached skill level 2 in Charms
   956 | D:5      | Reached skill level 2 in Summonings
   956 | D:5      | Reached skill level 2 in Translocations
   956 | D:5      | Reached skill level 2 in Transmutations
   956 | D:5      | Reached skill level 2 in Fire Magic
   956 | D:5      | Reached skill level 2 in Ice Magic
   956 | D:5      | Reached skill level 2 in Air Magic
   956 | D:5      | Reached skill level 2 in Earth Magic
   956 | D:5      | Reached skill level 2 in Poison Magic
   973 | D:5      | Killed Dowan
   973 | D:5      | Reached * piety under Cheibriados
   973 | D:5      | Reached skill level 5 in Stealth
   989 | D:5      | Reached skill level 3 in Invocations
  1071 | D:6      | Noticed Grinder
  1077 | D:6      | Reached XP level 8. HP: 45/57 MP: 16/16
  1098 | D:6      | Killed Grinder
  1098 | D:6      | Reached skill level 3 in Fighting
  1098 | D:6      | Reached skill level 3 in Short Blades
  1098 | D:6      | Reached skill level 3 in Long Blades
  1098 | D:6      | Reached skill level 3 in Axes
  1098 | D:6      | Reached skill level 3 in Maces & Flails
  1098 | D:6      | Reached skill level 3 in Polearms
  1098 | D:6      | Reached skill level 3 in Staves
  1098 | D:6      | Reached skill level 3 in Slings
  1098 | D:6      | Reached skill level 3 in Bows
  1098 | D:6      | Reached skill level 3 in Crossbows
  1098 | D:6      | Reached skill level 3 in Throwing
  1098 | D:6      | Reached skill level 3 in Armour
  1098 | D:6      | Reached skill level 3 in Shields
  1098 | D:6      | Reached skill level 3 in Unarmed Combat
  1098 | D:6      | Reached skill level 3 in Evocations
  1182 | D:6      | Learned a level 5 spell: Borgnjor's Vile Clutch
  1187 | D:6      | Learned a level 4 spell: Animate Dead
  1227 | D:7      | Noticed a wyvern
  1242 | D:7      | Killed a wyvern
  1242 | D:7      | Reached skill level 6 in Spellcasting
  1334 | D:9      | Noticed a shadow
  1348 | D:9      | Killed a shadow
  1412 | D:9      | Reached skill level 3 in Conjurations
  1412 | D:9      | Reached skill level 3 in Hexes
  1412 | D:9      | Reached skill level 3 in Charms
  1412 | D:9      | Reached skill level 3 in Summonings
  1412 | D:9      | Reached skill level 3 in Translocations
  1412 | D:9      | Reached skill level 3 in Transmutations
  1412 | D:9      | Reached skill level 3 in Fire Magic
  1412 | D:9      | Reached skill level 3 in Ice Magic
  1412 | D:9      | Reached skill level 3 in Air Magic
  1412 | D:9      | Reached skill level 3 in Earth Magic
  1412 | D:9      | Reached skill level 3 in Poison Magic
  1412 | D:9      | Reached skill level 4 in Invocations
  1415 | D:9      | Reached skill level 6 in Dodging
  1415 | D:9      | Reached XP level 9. HP: 59/65 MP: 17/18
  1499 | D:9      | Found a deep blue altar of Sif Muna.
  1617 | D:10     | Entered Level 10 of the Dungeon
  1629 | D:10     | Reached ** piety under Cheibriados
  1691 | D:10     | Reached skill level 4 in Fighting
  1691 | D:10     | Reached skill level 4 in Short Blades
  1691 | D:10     | Reached skill level 4 in Long Blades
  1691 | D:10     | Reached skill level 4 in Axes
  1691 | D:10     | Reached skill level 4 in Maces & Flails
  1691 | D:10     | Reached skill level 4 in Polearms
  1691 | D:10     | Reached skill level 4 in Staves
  1691 | D:10     | Reached skill level 4 in Slings
  1691 | D:10     | Reached skill level 4 in Bows
  1691 | D:10     | Reached skill level 4 in Crossbows
  1691 | D:10     | Reached skill level 4 in Throwing
  1691 | D:10     | Reached skill level 4 in Armour
  1691 | D:10     | Reached skill level 4 in Shields
  1691 | D:10     | Reached skill level 4 in Unarmed Combat
  1691 | D:10     | Reached skill level 4 in Evocations
  1738 | D:10     | Reached skill level 6 in Stealth
  1738 | D:10     | Reached skill level 8 in Necromancy
  1784 | D:10     | HP: 6/65 [wraith (7)]
  1785 | D:10     | HP: 2/65 [wraith (4)]
  1829 | D:11     | Noticed a purple ugly thing
  1834 | D:11     | Reached skill level 5 in Invocations
  1877 | D:11     | Noticed a meliai
  1879 | D:11     | Noticed a meliai
  1882 | D:11     | Noticed a meliai
  1885 | D:11     | Killed a meliai
  1886 | D:11     | HP: 6/66 [meliai/war axe (4)]
  1887 | D:11     | Killed a meliai
  1887 | D:11     | Reached skill level 7 in Spellcasting
  1887 | D:11     | Reached skill level 4 in Conjurations
  1887 | D:11     | Reached skill level 4 in Hexes
  1887 | D:11     | Reached skill level 4 in Charms
  1887 | D:11     | Reached skill level 4 in Summonings
  1887 | D:11     | Reached skill level 4 in Translocations
  1887 | D:11     | Reached skill level 4 in Transmutations
  1887 | D:11     | Reached skill level 4 in Fire Magic
  1887 | D:11     | Reached skill level 4 in Ice Magic
  1887 | D:11     | Reached skill level 4 in Air Magic
  1887 | D:11     | Reached skill level 4 in Earth Magic
  1887 | D:11     | Reached skill level 4 in Poison Magic
  1887 | D:11     | Reached XP level 10. HP: 7/73 MP: 13/20
  1888 | D:11     | Slain by a meliai

Skill      XL: |  1  2  3  4  5  6  7  8  9 |
---------------+----------------------------+-----
Spellcasting   | 5 6 7 |  7.0
Invocations    | 1 2 3 4 5 |  5.3
Fighting       | 1 2 3 4 |  4.8
Short Blades   | 1 2 3 4 |  4.8
Long Blades    | 1 2 3 4 |  4.8
Axes           | 1 2 3 4 |  4.8
Maces & Flails | 1 2 3 4 |  4.8
Polearms       | 1 2 3 4 |  4.8
Staves         | 1 2 3 4 |  4.8
Slings         | 1 2 3 4 |  4.8
Bows           | 1 2 3 4 |  4.8
Crossbows      | 1 2 3 4 |  4.8
Throwing       | 1 2 3 4 |  4.8
Armour         | 1 2 3 4 |  4.8
Shields        | 1 2 3 4 |  4.8
Unarmed Combat | 1 2 3 4 |  4.8
Evocations     | 1 2 3 4 |  4.8
Conjurations   | 1 2 3 4 |  4.0
Hexes          | 1 2 3 4 |  4.0
Charms         | 1 2 3 4 |  4.0
Summonings     | 1 2 3 4 |  4.0
Translocations | 1 2 3 4 |  4.0
Transmutations | 1 2 3 4 |  4.0
Fire Magic     | 1 2 3 4 |  4.0
Ice Magic      | 1 2 3 4 |  4.0
Air Magic      | 1 2 3 4 |  4.0
Earth Magic    | 1 2 3 4 |  4.0
Poison Magic   | 1 2 3 4 |  4.0
Dodging        | 5 6 |  6.7
Stealth        | 5 6 |  6.4
Necromancy     | 8 |  8.2

Action                   |  1- 3 |  4- 6 |  7- 9 | 10-12 || total
-------------------------+-------+-------+-------+-------++-------
Melee: Club              |     5 |       |       |       ||     5
       Spear             |    18 |     3 |       |       ||    21
       Bite              |       |     4 |    25 |       ||    29
       Trident           |       |    16 |       |       ||    16
       Short sword       |       |       |   152 |       ||   152
       Long sword        |       |       |     5 |       ||     5
       Punch             |       |       |     4 |       ||     4
 Cast: Pain              |    40 |    42 |    15 |       ||    97
       Regeneration      |     2 |     3 |    20 |       ||    25
       Vampiric Draining |       |     3 |    14 |       ||    17
       Borgnjor's Vile C |       |       |     7 |     1 ||     8
       Animate Dead      |       |       |     1 |       ||     1
       Animate Skeleton  |       |       |     1 |       ||     1
  Use: Scroll            |     2 |     3 |     5 |       ||    10
       Potion            |       |       |     2 |       ||     2
 Stab: Sleeping          |     2 |       |     3 |       ||     5
       Distracted        |       |       |     1 |       ||     1
  Eat: Chunk             |       |       |     6 |       ||     6
Armor: Robe              |     1 |       |       |       ||     1
       Animal skin       |       |     4 |    36 |       ||    40
Dodge: Dodged            |    19 |    38 |   186 |     3 ||   246
       Rpst.: Long sword |       |     3 |     4 |       ||     7

Table legend:
 A = Turns spent in this place as a percentage of turns spent in the entire game.
 B = Non-inter-level travel turns spent in this place as a percentage of non-inter-level travel turns spent in the entire game.
 C = Inter-level travel turns spent in this place as a percentage of turns spent in this place.
 D = Turns resting spent in this place as a percentage of non-inter-level travel turns spent in this place.
 E = Turns spent auto-exploring this place as a percentage of non-inter-level travel turns spent in this place.
 F = Non-inter-level travel turns spent in this place divided by the number of levels of this place that you've seen.
                   A       B       C       D       E      F
               +-------+-------+-------+-------+-------+----------------------
         Total | 100.0 | 100.0 |   6.6 |   0.0 |   0.0 | 160.3
       Dungeon |  97.9 |  98.8 |   5.8 |   0.0 |   0.0 | 174.2
        Temple |   2.1 |   1.2 |  46.2 |   0.0 |   0.0 |  21.0
               +-------+-------+-------+-------+-------+----------------------

Table legend:
 A = Kills in this place as a percentage of kills in entire the game.
 B = Kills by you in this place as a percentage of kills by you in the entire game.
 C = Kills by friends in this place as a percentage of kills by friends in the entire game.
 D = Other kills in this place as a percentage of other kills in the entire game.
 E = Experience gained in this place as a percentage of experience gained in the entire game.
 F = Experience gained in this place divided by the number of levels of this place that you have seen.
                   A       B       C       D       E      F
               +-------+-------+-------+-------+-------+----------------------
         Total | 100.0 | 100.0 |   N/A |   N/A | 100.0 | 448.1
       Dungeon | 100.0 | 100.0 |   N/A |   N/A | 100.0 | 492.9
               +-------+-------+-------+-------+-------+----------------------

Vault maps used:
D:1:      elethiomel_arrival_infinity_welcomes_careful_drivers
D:2:      okawaru_gym_becter, uniq_crazy_yiuf_cottage, uniq_sigmund
D:3:      old_standard_altar, overflow_temple_1_default, lemuel_doored_altar,
          uniq_ijyb, uniq_robin
D:5:      minmay_temple_entry_glassed_door, first_ration, basic_altar,
          yredelemnul_altar_generic, uniq_duvessa
D:6:      uniq_grinder, uniq_blork_the_orc
D:7:      lemuel_round_altar, nicolae_tso_carved_into_rock
D:8:      cheibrodos_helix_gallery, erik_lair_orcish_takeover
D:9:      led_sif_pool
D:10:     orc_david_3, serial_shops, shop, feat_on_display
D:11:     lab_entry_generic, hangedman_pestilent_swarm, uniq_urug
Temple:   regret_index_temple_waves
